 Dungeon Crawl Stone Soup version 0.25-a0-611-g6918904 (webtiles) character file.

Game seed: 640273566622138373, levelgen mode: deterministic

1652 HungryMoth the Thaumaturge (level 8, 0/41 HPs)
             Began as a Deep Elf Conjurer on Mar 16, 2020.
             Was a Believer of Vehumet.
             Hit by a boomerang thrown by an orc warrior (13 damage)
             ... on level 8 of the Dungeon.
             The game lasted 00:21:09 (6006 turns).

HungryMoth the Thaumaturge (Deep Elf Conjurer)      Turns: 6006, Time: 00:21:10

Health: 0/41       AC:  3    Str:  5    XL:     8   Next: 68%
Magic:  11/22      EV: 16    Int: 26    God:    Vehumet [**....]
Gold:   327        SH:  0    Dex: 15    Spells: 12/23 levels left

rFire    . . .     SeeInvis .   g - +0 mace
rCold    . . .     Gourm    .   (no shield)
rNeg     . . .     Faith    .   a - +0 robe
rPois    .         Spirit   .   (no helmet)
rElec    .         Reflect  .   (no cloak)
rCorr    .         Harm     .   C - +0 pair of gloves
MR       .....                  (no boots)
Stlth    ++........             (no amulet)
HPRegen  0.13/turn              u - +3 ring of evasion
MPRegen  0.18/turn              p - +3 ring of intelligence

@: no status effects
A: no striking features
a: Renounce Religion


You were on level 8 of the Dungeon.
You worshipped Vehumet.
Vehumet was pleased with you.
You were hungry.

You visited 2 branches of the dungeon, and saw 9 of its levels.

You collected 327 gold pieces.

Inventory:

Hand Weapons
 g - a +0 mace (weapon)
Armour
 a - a +0 robe (worn)
 z - the +5 ring mail of Youthful Indiscretion {rElec Int+4 Slay+2}
   (You found it on level 5 of the Dungeon)

   It affects your intelligence (+4).
   It affects your accuracy and damage with ranged weapons and melee attacks
   (+2).
   It insulates you from electricity.
 C - a +0 pair of gloves (worn)
Jewellery
 j - an uncursed ring of stealth
 p - a +3 ring of intelligence (right hand)
 u - a +3 ring of evasion (left hand)
Scrolls
 k - 9 scrolls of teleportation {unknown}
 l - 2 scrolls of amnesia {unknown}
 o - a scroll of noise {unknown}
 r - a scroll of fog {unknown}
 v - 3 scrolls of remove curse {unknown}
 w - a scroll of enchant armour {unknown}
 y - a scroll of blinking {unknown}
 A - a scroll of fear {unknown}
 H - a scroll of identify
Potions
 e - 3 potions of heal wounds
 n - 2 potions of stabbing {unknown}
 q - a potion of lignification {unknown}
 s - a potion of might {unknown}
 t - 3 potions of curing
 x - a potion of brilliance {unknown}
 B - 2 potions of invisibility {unknown}
 E - a potion of flight {unknown}
 G - 2 potions of haste
Comestibles
 c - 8 rations
 I - a chunk of flesh


   Skills:
 - Level 2.4 Dodging
 - Level 2.4 Stealth
 + Level 8.4 Spellcasting
 + Level 7.9 Conjurations
 + Level 6.5 Hexes
 - Level 5.0 Translocations


You had 12 spell levels left.
You knew the following spells:

 Your Spells              Type           Power        Failure   Level  Hunger
a - Magic Dart            Conj           ####         1%          1    None
b - Searing Ray           Conj           ######       1%          2    None
c - Iskenderun's Mystic   Conj/Tloc      #####...     3%          4    ##.....
d - Fulminant Prism       Conj/Hex       #####.....   2%          4    ##.....

Your spell library contained the following spells:

 Spells                   Type           Power        Failure   Level  Hunger
 Freeze                   Ice            ##..         5%          1    None
 Dazzling Flash           Conj/Hex       #####.       1%          3    None
 Summon Small Mammal      Summ           ##..         5%          1    None


Dungeon Overview and Level Annotations

Branches:
Dungeon (8/15)             Temple (1/1) D:4
   Lair: D:8-11

Altars:
Ashenzari
Cheibriados
Dithmenos
Elyvilon
Gozag
Hepliaklqana
Kikubaaqudgha
Makhleb
Nemelex Xobeh
Okawaru
Qazlal
Ru
Sif Muna
Trog
Uskayaw
Vehumet
Yredelemnul
Zin
The Shining One

Annotations:
D:3 cappycap's ghost, amateur DDFi


Message History

Casting: Magic Dart (safe; 1% risk of failure)
Confirm with . or Enter, or press ? or * to list all spells.
Aiming: Magic Dart (safe; 1% risk of failure)
Press: ? - help, Shift-Dir - straight line, f - leopard gecko
Aim: a leopard gecko (hasn't noticed you)
The magic dart hits the leopard gecko.
The leopard gecko is severely wounded.
The leopard gecko hisses angrily.
You hear a shout!
Casting: Magic Dart (safe; 1% risk of failure)
Confirm with . or Enter, or press ? or * to list all spells.
Aiming: Magic Dart (safe; 1% risk of failure)
Press: ? - help, Shift-Dir - straight line, f/p - leopard gecko
Aim: a leopard gecko (severely wounded)
The magic dart hits the leopard gecko.
You kill the leopard gecko!
Vehumet accepts your kill.
The orc warrior throws a boomerang.
The boomerang hits you!
The weapon returns to the orc warrior!
The orc warrior throws a boomerang.
The boomerang hits you!
You die...

#.####......... #..#
#..).....# ##.#
#.#.#.#### #.# #.#.#.##
#..###.###.#..#.######.#
.............o###........
###.##########†#.######.#
##.## ##@##
##########...##
............).########
#.######.##...........
##.##..######## ##.#<##
##..# #.#...... ##.######


You could see an orc warrior.

Vanquished Creatures
  A necrophage (D:6)
  A centaur (D:7)
  A scorpion (D:4)
  A water moccasin skeleton (D:7)
  3 killer bees (D:8)
  3 wights (D:7)
  A howler monkey (D:6)
  A jelly (D:7)
  7 orc wizards
  4 orc priests
  2 centaur skeletons
  An iguana (D:6)
  7 worker ants
  A mummy (D:7)
  A howler monkey skeleton (D:8)
  7 adders
  2 shadow imps
  2 oozes
  An adder skeleton (D:7)
  5 worms
  6 leopard geckos
  20 orcs
  3 ball pythons
  6 bats
  5 giant cockroaches
  10 goblins
  10 hobgoblins
  9 jackals
  6 kobolds
  2 quokkas
  5 frilled lizards
  11 rats
145 creatures vanquished.

Vanquished Creatures (others)
  14 fulminant prisms
14 creatures vanquished.

Grand Total: 159 creatures vanquished

Notes
Turn   | Place    | Note
-------+----------+-------------------------------------------
     0 | D:1      | HungryMoth the Deep Elf Conjurer began the quest for the
                  | Orb.
     0 | D:1      | Reached XP level 1. HP: 10/10 MP: 6/6
    63 | D:1      | Reached XP level 2. HP: 13/15 MP: 2/8
    67 | D:1      | Learned a level 2 spell: Searing Ray
   481 | D:1      | Reached skill level 4 in Spellcasting
   558 | D:2      | Reached XP level 3. HP: 19/19 MP: 7/10
   559 | D:2      | Reached skill level 5 in Conjurations
  1010 | D:2      | Reached XP level 4. HP: 24/24 MP: 7/12
  1016 | D:2      | Learned a level 4 spell: Iskenderun's Mystic Blast
  1021 | D:2      | Learned a level 4 spell: Fulminant Prism
  1397 | D:3      | Noticed cappycap's ghost (amateur DDFi)
  1398 | D:3      | Found a runed translucent door.
  1455 | D:3      | Found a shimmering blue altar of Sif Muna.
  1455 | D:3      | Found an ancient bone altar of Kikubaaqudgha.
  1457 | D:3      | Found a radiant altar of Vehumet.
  1461 | D:3      | Identified Sif Muna's Guide on Slavery
  1470 | D:3      | Became a worshipper of Vehumet
  1505 | D:3      | Reached skill level 5 in Spellcasting
  1509 | D:3      | Reached skill level 1 in Hexes
  1735 | D:3      | You fall into a shaft and drop 3 floors!
  1736 | D:6      | Noticed a necrophage
  1744 | D:6      | Reached skill level 1 in Translocations
  1744 | D:6      | Reached XP level 5. HP: 28/28 MP: 11/14
  1911 | D:5      | Entered Level 5 of the Dungeon
  2173 | D:4      | Found a staircase to the Ecumenical Temple.
  2180 | D:4      | Reached XP level 6. HP: 32/32 MP: 13/16
  2184 | Temple   | Entered the Ecumenical Temple
  2456 | D:3      | Reached * piety under Vehumet
  2456 | D:3      | Offered knowledge of Sandblast by Vehumet.
  2902 | D:4      | Reached skill level 6 in Spellcasting
  2980 | D:4      | Found an opulent altar of Gozag.
  3506 | D:5      | Found a hide-covered altar of Uskayaw.
  3507 | D:5      | Noticed a +0 hand axe
  3507 | D:5      | Noticed a -1 hand axe
  3511 | D:5      | Got a slimy ring mail
  3589 | D:5      | Found a bloodstained altar of Trog.
  3839 | D:5      | Identified the +5 ring mail of Youthful Indiscretion {rElec
                  | Int+4 Slay+2} (You found it on level 5 of the Dungeon)
  4307 | D:6      | Reached XP level 7. HP: 36/36 MP: 9/18
  4742 | D:7      | Found a snail-covered altar of Cheibriados.
  5077 | D:7      | Reached skill level 7 in Spellcasting
  5084 | D:7      | Offered knowledge of Freeze by Vehumet.
  5091 | D:7      | Reached ** piety under Vehumet
  5091 | D:7      | Reached skill level 5 in Hexes
  5120 | D:7      | Reached XP level 8. HP: 32/41 MP: 4/20
  5707 | D:8      | Reached skill level 8 in Spellcasting
  5707 | D:8      | Reached skill level 5 in Translocations
  5901 | D:8      | Found a shadowy altar of Dithmenos.
  5933 | D:8      | Found a stormy altar of Qazlal.
  6006 | D:8      | Hit by a boomerang thrown by an orc warrior

Levels and vault maps discovered:
D:1:      scummos_arrival_checkerplants, layout_rooms, minmay_misc_feat_ornament
D:2:      layout_rooms, first_ration, mrwooster_statue_mirror,
          corexii_item_surrounded_by_moat
D:3:      layout_loops_cross, grunt_temple_overflow_magic_moments,
          gammafunk_ghost_grave
D:4:      layout_basic, kennysheep_mini_moat, minmay_temple_entry_butterflies
D:5:      layout_basic, dancing_weapons_uskayaw, lemuel_crystal_altar,
          minivault_27, serial_bayou_crossing
D:6:      layout_cave_pools
D:7:      layout_loops_ring, slow_altar_1
D:8:      layout_loops_ring, grunt_temple_overflow_open,
          gammafunk_temple_overflow_forgotten, tso_altar
Temple:   compressed_dpeg_circular_temple

Skill      XL: |  1  2  3  4  5  6  7  8 |
---------------+-------------------------+-----
Spellcasting   | 4 5 6 7 8 |  8.4
Conjurations   | 5 6 7 |  7.9
Hexes          | 1 2 3 5 6 |  6.5
Translocations | 1 2 3 4 5 |  5.0
Dodging        | |  2.4
Stealth        | |  2.4

Action                   |  1- 3 |  4- 6 |  7- 9 || total
-------------------------+-------+-------+-------++-------
Melee: Unarmed           |     8 |       |       ||     8
       Mace              |     5 |    16 |     6 ||    27
 Cast: Magic Dart        |    47 |    96 |    43 ||   186
       Searing Ray       |    11 |    17 |    14 ||    42
       Iskenderun's Myst |       |     2 |       ||     2
       Fulminant Prism   |       |     1 |    13 ||    14
  Use: Potion            |       |     5 |       ||     5
       Scroll            |       |     1 |       ||     1
  Eat: Chunk             |       |     8 |     5 ||    13
       Ration            |       |     1 |       ||     1
Armor: Robe              |     2 |     3 |     2 ||     7
Dodge: Dodged            |    10 |    19 |    15 ||    44

Table legend:
 A = Non-vault XP
 B = Vault XP
 C = Vault XP percentage of total XP
 D = Non-vault monster count
 E = Vault monster count
 F = Vault count percentage of total count
                 A         B        C        D         E       F
            +---------+---------+-------+---------+---------+-------
      Total |    2342 |      18 |   0.8 |     144 |       1 |   0.7
            +---------+---------+-------+---------+---------+-------
        D:1 |      39 |       0 |   0.0 |      20 |       0 |   0.0
        D:2 |      80 |       0 |   0.0 |      30 |       0 |   0.0
        D:3 |     142 |       0 |   0.0 |      32 |       0 |   0.0
        D:4 |     188 |       0 |   0.0 |       9 |       0 |   0.0
        D:5 |       2 |       0 |   0.0 |       1 |       0 |   0.0
        D:6 |     423 |       0 |   0.0 |      14 |       0 |   0.0
        D:7 |     780 |      18 |   2.3 |      28 |       1 |   3.4
        D:8 |     688 |       0 |   0.0 |      10 |       0 |   0.0
            +---------+---------+-------+---------+---------+-------
